cohdb
Replays
Latest Replays
All Replays
Popular Replays
Top Player Replays
Match Explorer
How It Works
Community
CoH3 Stats
Reddit
Sign in to upload your games and track your stats! →
Sign in with Steam
Match 45212504
Unlisted
Match 45212504
Overview
Messages
Build Orders
End
Pioneer Squad
Construct Infanterie Kompanie
Grenadier Squad
Selects Mechanized Battlegroup
MG 42 Machine Gun Team
Grenadier Squad
Construct Luftwaffe Kompanie
Jäger Squad
Selects Raid Package
221 Scout Car
Medical Station
Selects StuG Assault Group
Support Elements
Jäger Squad
Wirbelwind Flakpanzer
Selects Mobile Repair Stations
StuG Assault Group
Selects Wespe Self-propelled Artillery
Wespe Self-propelled Artillery
Wirbelwind Flakpanzer
Marder III M Tank Destroyer
Selects Panther Heavy Tank
Panther Heavy Tank
Selects Mechanized Assault
Mechanized Assault
Panther Heavy Tank
MG 42 Machine Gun Team
MG 42 Machine Gun Team
Pioneer Squad
Panther Heavy Tank
Mechanized Assault
Pin0kyo
Eilte
WilllTHENOOBz
NEP_wilson_NEP
0
0
Comments
sign in to comment!
No comments posted yet!